 Dungeon Crawl Stone Soup version 0.31.0-7-gf635a9b802 (webtiles) character file.

Game seed: 4464245250660818563

70 Jase the Chopper (level 4, -3/39 HPs)
             Began as a Hill Orc Fighter on Jan 24, 2024.
             Slain by a gnoll
             ... wielding a +0 halberd
              (6 damage)
             ... on level 2 of the Dungeon.
             The game lasted 00:02:00 (1016 turns).

Jase the Chopper (Hill Orc Fighter)                 Turns: 1016, Time: 00:02:00

Health: -3/39      AC:  8    Str: 20    XL:     4   Next: 21%
Magic:  4/4        EV:  9    Int:  8    God:
Gold:   13         SH:  0    Dex: 10    Spells: 3/3 levels left

rFire   . . .        a - +0 war axe
rCold   . . .        (no shield)
rNeg    . . .        b - +0 scale mail
rPois   .            (no helmet)
rElec   .            (no cloak)
rCorr   .            h - +0 pair of gloves
SInv    .            (no boots)
Will    .....        (no amulet) Stlth
                     (no ring)
HPRegen 0.26/turn    (no ring)
MPRegen 0.09/turn

%: no passive effects
@: mighty
A: no striking features
a: no special abilities


You were on level 2 of the Dungeon.
You visited 1 branch of the dungeon, and saw 2 of its levels.

You collected 13 gold pieces.

Inventory:

Hand Weapons
 a - a +0 war axe (weapon)
Missiles
 c - 8 poisoned darts (quivered)
 e - 6 stones
Armour
 b - a +0 scale mail (worn)
 h - a +0 pair of gloves (worn)
Scrolls
 f - a scroll of noise {unknown}
 j - a scroll of teleportation {unknown}
Potions
 g - a potion of degeneration {unknown}
 i - a potion of ambrosia {unknown}
 k - a potion of berserk rage {unknown}
 l - 2 potions of haste {unknown}


   Skills:
 - Level 3.6 Fighting
 + Level 5.8 Axes
 - Level 3.2 Armour
 - Level 3.2 Shields


You had 3 spell levels left.
You didn't know any spells.
Your spell library contained the following spells:

 Spells                   Type           Power      Damage    Failure   Level
 Dazzling Flash           Conj/Hex       0%         N/A       98%         3
 Tukima's Dance           Hex            0%         N/A       98%         3
 Volatile Blastmotes      Fire/Tloc      0%         2d10      98%         3
 Passage of Golubria      Tloc           0%         N/A       100%        4
 Yara's Violent Unravell  Hex/Alch       0%         3d3       100%        5
 Starburst                Conj/Fire      0%         6d3       100%        6
 Maxwell's Capacitive Co  Air            0%         ∞         100%        8


Dungeon Overview and Level Annotations

Branches:
Dungeon (2/15)

Altars:


Message History

You feel sick.
You feel sick.
You feel sick.
You are no longer poisoned.
The gnoll closely misses you.
You closely miss the gnoll. The gnoll closely misses you.
You closely miss the gnoll. The gnoll hits you with a +0 spear.
* * * LOW HITPOINT WARNING * * *
You slash the gnoll!
You kill the gnoll!
Your life force feels restored.
You have reached level 4!
You hit the gnoll.
The gnoll is moderately wounded.
The gnoll hits you but does no damage. The gnoll barely misses you.
You hit the gnoll.
The gnoll is severely wounded.
The gnoll hits you with a +0 club.
* * * LOW HITPOINT WARNING * * *
You slash the gnoll!
You kill the gnoll!
You closely miss the rat. The rat bites you but does no damage.
You hit the rat.
The rat is moderately wounded.
The rat misses you.
You slash the rat!
You kill the rat!
You completely miss the endoplasm.
The endoplasm hits you but does no damage.
The gnoll closely misses you.
You slash the endoplasm!
You kill the endoplasm!
The gnoll hits you from afar with a +0 halberd.
* * * LOW HITPOINT WARNING * * *
The gnoll barely misses you.
Items here: $ )) ††.
You slash the gnoll!
The gnoll is almost dead.
The gnoll hits you with a +0 halberd.
You die...

.## ... .. .#
##.# #..# #.#
#.# #@# #g#
#####†######
#..........#.
#............
#.......g..h.
#............
#...........$
####.>.......


You could see a gnoll.

Vanquished Creatures
  An adder (D:2)
  2 gnolls (D:2)
  A dart slug (D:1)
  A bat (D:1)
  6 endoplasms
  4 giant cockroaches (D:1)
  6 goblins (D:1)
  4 hobgoblins (D:1)
  3 jackals (D:2)
  5 ball pythons (D:1)
  A kobold (D:1)
  A rat (D:2)
35 creatures vanquished.

Notes
Turn   | Place    | Note
-------+----------+-------------------------------------------
     0 | D:1      | Jase the Hill Orc Fighter began the quest for the Orb.
     0 | D:1      | Reached XP level 1. HP: 19/19 MP: 1/1
    40 | D:1      | Reached skill level 3 in Axes
    87 | D:1      | Reached XP level 2. HP: 26/26 MP: 2/2
   222 | D:1      | Reached skill level 4 in Axes
   493 | D:1      | Reached XP level 3. HP: 31/31 MP: 3/3
   987 | D:2      | Reached skill level 5 in Axes
  1007 | D:2      | Reached XP level 4. HP: 8/39 MP: 4/4
  1016 | D:2      | Slain by a gnoll

Illustrated notes

Levels and vault maps discovered:
D:1:      wander_arrival_peaceful_grave, layout_loops_corners
D:2:      layout_rooms

Skill      XL: |  1  2  3 |
---------------+----------+-----
Axes           | 3 4 5 |  5.8
Fighting       | |  3.6
Armour         | |  3.2
Shields        | |  3.2

Action                     |  1- 3 |  4- 6 || total
---------------------------+-------+-------++-------
  Melee: War axe           |    78 |     9 ||    87
    Use: Potion            |     1 |       ||     1
 Armour: Scale mail        |    59 |     6 ||    65
  Dodge: Dodged            |    34 |     4 ||    38
